 Dungeon Crawl Stone Soup version 0.25-a0-566-g062765be81 (webtiles) character file.

Game seed: 9416279992789959229, levelgen mode: classic

4510 EnegeticOcto the Cleaver (level 10, 94/94 HPs)
             Began as a Deep Dwarf Fighter on Feb 27, 2020.
             Was a Priest of Makhleb.
             Quit the game on level 8 of the Dungeon.
             The game lasted 00:03:30 (4567 turns).

EnegeticOcto the Cleaver (Deep Dwarf Fighter)       Turns: 4567, Time: 00:03:31

Health: 94/94      AC: 14    Str: 23    XL:     10   Next: 16%
Magic:  6/6        EV:  9    Int:  9    God:    Makhleb [***...]
Gold:   262        SH:  0    Dex: 12    Spells: 9/9 levels left

rFire    . . .     SeeInvis +   t - +3 battleaxe (curse)
rCold    . . .     Gourm    .   (shield currently unavailable)
rNeg     . . .     Faith    .   v - +0 plate armour
rPois    .         Spirit   .   (no helmet)
rElec    .         Reflect  .   o - +0 cloak
rCorr    +         Harm     .   (no gloves)
MR       +....                  (no boots)
Stlth    ..........             (no amulet)
HPRegen  0.00/turn              (no ring)
MPRegen  0.10/turn              b - ring of the Hero {rCorr SInv Stlth+}

@: mildly poisoned (94 -> 94), non-regenerating
A: damage resistance, heal wounds, sense surroundings 2, no regeneration
a: Heal Wounds, Minor Destruction, Lesser Servant of Makhleb, Renounce Religion


You were on level 8 of the Dungeon.
You worshipped Makhleb.
Makhleb was most pleased with you.
You were very hungry.

You visited 2 branches of the dungeon, and saw 9 of its levels.

You collected 262 gold pieces.

Inventory:

Hand Weapons
 a - a +0 war axe
 t - a cursed +3 battleaxe (weapon)
Missiles
 l - 3 throwing nets (quivered)
Armour
 c - a +0 kite shield
 o - a +0 cloak (worn)
 v - a +0 plate armour (worn)
Jewellery
 b - the ring of the Hero (right hand) {rCorr SInv Stlth+}
   (You found it on level 6 of the Dungeon)

   [ring of resist corrosion]

   It lets you see invisible.
   It provides partial protection from all sources of acid and corrosion.
   It makes you more stealthy.
 u - an uncursed ring of protection from magic {unknown}
Wands
 j - a wand of acid (10) {@v1}
Scrolls
 f - a scroll of immolation {@r4}
 m - 2 scrolls of teleportation {@r2}
 q - a scroll of blinking {@r3}
 r - a scroll of magic mapping {unknown}
Potions
 d - a potion of flight {unknown}
 g - a potion of mutation {unknown}
 h - 4 potions of curing {@q1}
 i - a potion of lignification {@q7}
 k - 2 potions of might {@q3}
 n - 2 potions of haste {@q4}
 s - a potion of experience {unknown}
Comestibles
 e - 8 rations
 p - 2 chunks of flesh


   Skills:
 * Level 7.4 Fighting
 * Level 8.8 Axes
 + Level 6.6 Armour
 + Level 5.6 Dodging
 - Level 6.3 Shields
 + Level 6.3 Invocations


You had 9 spell levels left.
You didn't know any spells.
Your spell library was empty.

Dungeon Overview and Level Annotations

Branches:
Dungeon (8/15)             Temple (1/1) D:4
   Lair: D:8-11

Altars:
Ashenzari
Cheibriados
Dithmenos
Gozag
Hepliaklqana
Makhleb
Nemelex Xobeh
Okawaru
Qazlal
Ru
Sif Muna
Trog
Uskayaw
Vehumet
The Shining One

Shops:
D:4 %   D:5 %

Annotations:
D:6 3 runed translucent doors, LairdRich's ghost, novice MiBe


Innate Abilities, Weirdness & Mutations

You are resistant to damage.
You can heal yourself by infusing magical energy.
You passively map the area around you.
You do not regenerate.


Message History

You feel better. The orc wizard barely misses you. The orc barely misses you.
The orc wizard hits you but does no damage.
You hit the orc wizard.
The orc wizard is severely wounded.
You slash the orc!
You kill the orc!
Makhleb accepts your kill.
Your plate armour prevents you from hitting the orc.
The orc misses you.
The orc wizard gestures at you while chanting.
The magic dart hits you.
The orc wizard hits you but does no damage.
You closely miss the orc wizard.
The orc wizard is severely wounded.
You slash the orc!
You kill the orc!
Makhleb accepts your kill.
You feel better.
The orc wizard gestures wildly while chanting.
The orc wizard blinks!
The orc wizard hits you but does no damage.
The giant cockroach barely misses you.
You closely miss the orc wizard.
The orc wizard is severely wounded.
You slice the giant cockroach!!
You kill the giant cockroach!
Makhleb accepts your kill.
You hit the orc.
The orc wizard gestures at you while chanting.
The magic dart hits you.
The orc wizard hits you but does no damage.
The orc closely misses you.
The orc throws a boomerang.
The boomerang hits you but does no damage.
The weapon returns to the orc!
You slice the orc wizard!!
You kill the orc wizard!
Makhleb accepts your kill.
You closely miss the orc. The orc hits you but does no damage.
The orc wizard gestures wildly while chanting.
The orc wizard blinks!
The orc throws a boomerang.
The boomerang hits you but does no damage.
The weapon returns to the orc!
You slash the orc!
You kill the orc!
Makhleb accepts your kill.
The orc throws a boomerang.
The boomerang hits you but does no damage.
The weapon returns to the orc!
The orc throws a boomerang.
The boomerang completely misses you.
The weapon returns to the orc!
Things that are here:
a +0 dagger; an orc corpse The orc hits you but does no damage.
You slice the orc!!
You kill the orc!
Makhleb accepts your kill. The orc wizard barely misses you.
Things that are here:
a +0 hand axe; 2 boomerangs You barely miss the orc wizard.
The orc wizard hits you but does no damage. x2
You slash the orc wizard!
The orc wizard is severely wounded.
The orc wizard hits you but does no damage.
You barely miss the orc wizard.
The orc wizard is severely wounded.
The orc wizard barely misses you.
You slash the orc wizard!
You kill the orc wizard!
Makhleb accepts your kill.
No target in view!
No target in view!
No target in view!
No target in view!
No target in view!
No target in view!
No target in view!
No target in view!
No target in view!
No target in view!
No target in view!
No target in view!
No target in view!
No target in view!
No target in view!
No target in view!
No target in view!
No target in view!
No target in view!
No target in view!
No target in view!
No target in view!
No target in view!
No target in view!
No target in view!
Saving game... please wait.
Welcome back, EnegeticOcto the Deep Dwarf Fighter.
Blood and souls for Makhleb!
Press ? for a list of commands and other information.
Are you sure you want to abandon this character and quit the game? (Confirm with "yes".)

#........<........
,......
#.................,,
......
#.................,
......
#.................
,,......
#.........†[......,
,...... ** *
###......).†......
,......
#......[)[......,
...... ,
*#............... ,
..... , ,
##.......@....... ,,
, , ,
,,,>#........[......
, , ,
##............... ,
, ,,
*#...............,
,, 8* * * *
.........%...?. , ,
* ...............,
,, ,
...............,, ,
* ,,...............
, , , * **,, , , ,,
,,, , ,


There were no monsters in sight!

Vanquished Creatures
  Joseph (D:7)
  A troll (D:7)
  A hippogriff (D:8)
  3 hungry ghosts (D:8)
  Edmund (D:5)
  2 ice beasts
  An eye of draining (D:6)
  3 orc warriors
  A sky beast (D:6)
  An ogre (D:8)
  4 phantoms
  5 centaurs
  Blork the orc (D:5)
  4 bullfrogs
  A water moccasin skeleton (D:4)
  6 killer bees (D:7)
  3 wights (D:7)
  A howler monkey (D:4)
  A crimson imp (D:8)
  5 orc priests
  A centaur zombie (D:6)
  A gnoll shaman (D:5)
  A centaur skeleton (D:8)
  5 hounds
  5 orc wizards
  Crazy Yiuf (D:5)
  2 bullfrog skeletons
  5 worker ants
  A killer bee zombie (D:7)
  A hound skeleton (D:6)
  A howler monkey zombie (D:6)
  4 adders
  11 gnolls (D:5)
  A howler monkey skeleton (D:4)
  A shadow imp (D:7)
  An ooze (D:5)
  A worm (D:4)
  4 leopard geckos
  32 orcs
  2 ball pythons
  6 giant cockroaches
  4 goblins
  5 hobgoblins
  4 jackals (D:6)
  4 kobolds
  4 quokkas
  2 bats
  A frilled lizard (D:1)
  A leopard gecko skeleton (D:4)
  2 rats
160 creatures vanquished.

Notes
Turn   | Place    | Note
-------+----------+-------------------------------------------
     0 | D:1      | EnegeticOcto the Deep Dwarf Fighter began the quest for the
                  | Orb.
     0 | D:1      | Reached XP level 1. HP: 20/20 MP: 1/1
    57 | D:1      | Reached XP level 2. HP: 27/27 MP: 2/2
   213 | D:3      | Found a snail-covered altar of Cheibriados.
   227 | D:3      | Reached XP level 3. HP: 26/34 MP: 3/3
   267 | D:4      | Found a shattered altar of Ashenzari.
   278 | D:4      | Reached skill level 3 in Axes
   278 | D:4      | Reached skill level 1 in Dodging
   296 | D:4      | Found Qesaufai's Food Shop.
   337 | D:4      | Reached XP level 4. HP: 30/42 MP: 3/3
   452 | D:4      | Reached XP level 5. HP: 40/49 MP: 3/3
   559 | D:4      | Reached skill level 4 in Axes
   582 | D:4      | Found a staircase to the Ecumenical Temple.
   649 | Temple   | Entered the Ecumenical Temple
   668 | Temple   | Became a worshipper of Makhleb the Destroyer
  1437 | D:5      | Entered Level 5 of the Dungeon
  1456 | D:5      | Noticed a centaur
  1468 | D:5      | Killed a centaur
  1468 | D:5      | Reached skill level 1 in Invocations
  1468 | D:5      | Reached XP level 6. HP: 32/57 MP: 4/4
  1626 | D:5      | Noticed Edmund
  1635 | D:5      | Killed Edmund
  1734 | D:5      | Noticed Blork the orc
  1739 | D:5      | Killed Blork the orc
  1739 | D:5      | Reached XP level 7. HP: 45/66 MP: 5/5
  1780 | D:5      | Found a glowing drain.
  1860 | D:5      | Found a shadowy altar of Dithmenos.
  1874 | D:5      | Reached skill level 5 in Axes
  1902 | D:5      | Reached * piety under Makhleb
  2010 | D:5      | Found Hasef's Food Shop.
  2082 | D:5      | Found a bloodstained altar of Trog.
  2295 | D:5      | Found a sacrificial altar of Ru.
  2296 | D:5      | Found a radiant altar of Vehumet.
  2311 | D:5      | Found an iron altar of Okawaru.
  2314 | D:5      | Found a stormy altar of Qazlal.
  2457 | D:5      | Found a runed translucent door.
  2458 | D:5      | Noticed Crazy Yiuf
  2465 | D:5      | Killed Crazy Yiuf
  2521 | D:6      | Reached skill level 5 in Fighting
  2573 | D:6      | Reached skill level 5 in Shields
  2573 | D:6      | Reached XP level 8. HP: 42/74 MP: 5/5
  2626 | D:6      | Found a runed translucent gate.
  2678 | D:6      | Reached skill level 6 in Axes
  2680 | D:6      | Found a runed translucent gate.
  2681 | D:6      | Found a runed translucent gate.
  2683 | D:6      | Found an opulent altar of Gozag.
  2684 | D:6      | Noticed LairdRich's ghost (novice MiBe)
  2684 | D:6      | Noticed a cyclops
  2878 | D:6      | Reached skill level 5 in Armour
  3254 | D:6      | Got a scintillating iron ring
  3418 | D:6      | Identified the ring of the Hero {rCorr SInv Stlth+} (You
                  | found it on level 6 of the Dungeon)
  3542 | D:7      | Reached skill level 7 in Axes
  3542 | D:7      | Gained mutation: You passively map the area around you.
                  | [Deep Dwarf growth]
  3542 | D:7      | Reached XP level 9. HP: 60/82 MP: 6/6
  3547 | D:7      | Noticed a troll
  3646 | D:7      | Reached ** piety under Makhleb
  3664 | D:7      | Killed a troll
  3664 | D:7      | Reached skill level 5 in Invocations
  4053 | D:7      | Noticed Joseph
  4074 | D:7      | Killed Joseph
  4074 | D:7      | Reached skill level 8 in Axes
  4074 | D:7      | Reached skill level 5 in Dodging
  4460 | D:8      | Reached XP level 10. HP: 81/94 MP: 8/8
  4539 | D:8      | Reached *** piety under Makhleb
  4567 | D:8      | Quit the game

Levels and vault maps discovered:
D:1:      lightli_arrival_lavapool, layout_basic, serial_aquarium,
          aquarium_bridge_long_separate [aquarium_subvault_bridge,
          aquarium_subvault_balcony, aquarium_subvault_window,
          aquarium_subvault_wall, aquarium_subvault_wall,
          aquarium_subvault_bridge], aquarium_window_2, aquarium_window_fake,
          aquarium_view_2d, aquarium_view_2b, aquarium_pool_double
D:2:      layout_basic, lemuel_coloured_pillars_altar, uniq_jessica
D:3:      layout_basic, lemuel_doored_altar, first_ration, led_sif_book
D:4:      layout_layer_cave, minmay_temple_entry_mist, serial_shops,
          shop_statue, ashenzari_altar_1
D:5:      layout_loops_corners, nicolae_dithmenos_shadow_blocks,
          kennysheep_mini, grunt_temple_overflow_open, gup_sewer_entry_pipe,
          serial_shops, shop, minivault_5, uniq_crazy_yiuf_cottage, uniq_edmund,
          uniq_blork_the_orc
D:6:      layout_cave_pods, ebering_ghost_gozag
D:7:      layout_loops_ring, uniq_joseph
D:8:      layout_basic, nicolae_overflow_hidden_temple, grunt_ogre_cave,
          chequers_big_river
Temple:   dshaligram_water_room_temple

Skill      XL: |  1  2  3  4  5  6  7  8  9 |
---------------+----------------------------+-----
Fighting       | 3 4 5 6 7 |  7.4
Axes           | 3 4 5 7 8 |  8.8
Dodging        | 1 2 3 4 5 |  5.6
Shields        | 4 5 6 |  6.3
Armour         | 4 5 6 |  6.6
Invocations    | 1 2 3 4 6 |  6.3

Action                   |  1- 3 |  4- 6 |  7- 9 | 10-12 || total
-------------------------+-------+-------+-------+-------++-------
Melee: War axe           |    82 |   102 |   442 |       ||   626
       Battleaxe         |       |       |    44 |    60 ||   104
 Abil: Heal Wounds       |     1 |     3 |    24 |     2 ||    30
Evoke: Wand              |       |       |     3 |       ||     3
  Use: Scroll            |       |     5 |     4 |       ||     9
  Eat: Ration            |       |     1 |     4 |       ||     5
       Chunk             |       |       |     6 |       ||     6
Armor: Scale mail        |    35 |    35 |   105 |       ||   175
       Plate armour      |       |       |   179 |    46 ||   225
Dodge: Dodged            |    20 |    26 |   206 |    38 ||   290
Block: Kite shield       |    45 |    49 |   310 |       ||   404

Table legend:
 A = Non-vault XP
 B = Vault XP
 C = Vault XP percentage of total XP
 D = Non-vault monster count
 E = Vault monster count
 F = Vault count percentage of total count
                 A         B        C        D         E       F
            +---------+---------+-------+---------+---------+-------
      Total |    5552 |     892 |  13.8 |     151 |       9 |   5.6
            +---------+---------+-------+---------+---------+-------
        D:1 |      22 |       0 |   0.0 |      13 |       0 |   0.0
        D:2 |       7 |       0 |   0.0 |       4 |       0 |   0.0
        D:3 |      18 |       0 |   0.0 |       8 |       0 |   0.0
        D:4 |     330 |       0 |   0.0 |      22 |       0 |   0.0
        D:5 |     648 |     305 |  32.0 |      23 |       7 |  23.3
        D:6 |    1114 |       0 |   0.0 |      26 |       0 |   0.0
        D:7 |    1691 |     466 |  21.6 |      28 |       1 |   3.4
        D:8 |    1722 |     121 |   6.6 |      27 |       1 |   3.6
            +---------+---------+-------+---------+---------+-------
